 Dungeon Crawl Stone Soup version 0.21.1-1-g345015f (webtiles) character file.

4249 microfolk the Slinger (level 10, -5/63 HPs)
             Began as a Halfling Warper on June 3, 2018.
             Was a Follower of Nemelex Xobeh.
             Slain by a two-headed ogre
             ... wielding a +0 giant club
              (13 damage)
             ... on level 8 of the Dungeon.
             The game lasted 00:43:50 (15421 turns).

microfolk the Slinger (Halfling Warper)            Turns: 15421, Time: 00:43:51

Health: -5/63      AC: 15    Str: 13    XL:     10   Next: 56%
Magic:  25/25      EV: 14    Int: 13    God:    Nemelex Xobeh [*.....]
Gold:   460        SH:  0    Dex: 15    Spells: 13/17 levels left

rFire    + . .     SeeInvis .   a - +2 whip (elec)
rCold    x . .     Gourm    .   (shield restricted)
rNeg     . . .     Faith    .   Q - +2 scale mail {MR+}
rPois    .         Spirit   .   p - +0 helmet
rElec    .         Reflect  .   (no cloak)
rCorr    .         Harm     .   C - +1 pair of gloves
MR       +....                  I - +1 pair of boots
Stlth    ..........             r - amulet of magic regeneration
HPRegen  0.20/turn              M - ring of magical power
MPRegen  0.44/turn              y - ring of fire

@: very slightly contaminated
A: small, mutation resistance 1
a: Renounce Religion


You were on level 8 of the Dungeon.
You worshipped Nemelex Xobeh.
Nemelex Xobeh was aware of your devotion.
You were not hungry.

You visited 2 branches of the dungeon, and saw 9 of its levels.

You collected 460 gold pieces.

Inventory:

Hand Weapons
 a - a +2 whip of electrocution (weapon)
 b - a +0 hunting sling
 F - a +1 short sword
Missiles
 e - a tomahawk of dispersal (quivered)
 j - 104 stones
 q - 74 sling bullets
 D - 2 tomahawks
Armour
 p - a +0 helmet (worn)
 w - a +0 leather armour
 C - a +1 pair of gloves (worn)
 I - a +1 pair of boots (worn)
 Q - a +2 scale mail of magic resistance (worn)
Jewellery
 r - an amulet of magic regeneration (around neck)
 t - an uncursed ring of ice
 y - a ring of fire (right hand)
 H - an uncursed amulet of regeneration {unknown}
 M - a ring of magical power (left hand)
Wands
 B - a wand of random effects (2)
 O - a wand of scattershot (5)
 P - a wand of iceblast (11)
Scrolls
 d - a scroll of blinking
 g - 5 scrolls of remove curse {@r2}
 k - 6 scrolls of teleportation
 l - 3 scrolls of amnesia {unknown}
 m - 3 scrolls of enchant armour {unknown}
 o - 5 scrolls of enchant weapon
 v - 2 scrolls of random uselessness {unknown}
 x - a scroll of fog {unknown}
 G - a scroll of fear {unknown}
 K - a scroll of magic mapping
Potions
 h - a potion of resistance
 i - 3 potions of lignification
 n - a potion of haste
 s - 3 potions of mutation
 u - 2 potions of might {unknown}
 z - a potion of flight {unknown}
 A - 3 potions of curing {@q1}
 E - a potion of heal wounds {@q2}
 J - 2 potions of berserk rage {unknown}
 L - a potion of agility {unknown}
 R - a potion of brilliance {unknown}
Books
 c - a book of Spatial Translocations

   Spells                             Type                      Level
   a - Blink                          Translocation                2
   b - Shroud of Golubria             Charms/Translocation         2
   c - Lesser Beckoning               Translocation                3
   d - Gell's Gravitas                Translocation                3
   e - Teleport Other                 Translocation                3
   f - Passage of Golubria            Translocation                4
Comestibles
 f - 4 rations


   Skills:
 - Level 3.2 Fighting
 - Level 5.0 Short Blades
 + Level 10.5(10.6) Slings
 - Level 1.0(4.7) Throwing
 - Level 5.0 Armour
 - Level 6.0 Dodging
 * Level 4.1 Spellcasting
 - Level 2.0 Charms
 + Level 9.0 Translocations


You had 13 spell levels left.
You knew the following spells:

 Your Spells              Type           Power        Failure   Level  Hunger
a - Blink                 Tloc           N/A          3%          2    ##.....
b - Shroud of Golubria    Chrm/Tloc      ###.......   13%         2    ##.....


Dungeon Overview and Level Annotations

Branches:
Dungeon (8/15)             Temple (1/1) D:6            Lair (0/6) D:8

Altars:
Ashenzari
Cheibriados
Dithmenos
Elyvilon
Fedhas
Gozag
Hepliaklqana
Kikubaaqudgha
Makhleb
Nemelex Xobeh
Okawaru
Qazlal
Ru
Sif Muna
Trog
Vehumet
Wu Jian
Xom
Yredelemnul
Zin
The Shining One

Annotations:
D:2 Sigmund
D:3 1 runed door
D:4 Jaiteiro's ghost, novice HaWr
D:5 Pikel
D:6 diana's ghost, novice MfGl
D:8 Psyche


Innate Abilities, Weirdness & Mutations

You are small and have problems with some larger weapons.
You are somewhat resistant to further mutation.


Message History

The two-headed ogre hits you with a giant club.
You barely miss the two-headed ogre.
The two-headed ogre is severely wounded.
The two-headed ogre misses you. x2
You barely miss the two-headed ogre.
The two-headed ogre is severely wounded.
The two-headed ogre hits you with a giant club!
* * * LOW HITPOINT WARNING * * *
The two-headed ogre hits you with a giant club.
* * * LOW HITPOINT WARNING * * *
You hit the two-headed ogre.
The two-headed ogre is severely wounded.
The two-headed ogre completely misses you.
The two-headed ogre hits you with a giant club!
* * * LOW HITPOINT WARNING * * *
Your scale mail prevents you from hitting the two-headed ogre.
The two-headed ogre is severely wounded.
The two-headed ogre hits you with a giant club!
You die...
Your body disappears without a glow.

#.# #.# #(#
#.# #(# #.#
#.# #.# #(#
#.# #(###.#
.#######.....#
.......[O#####
####.###@# #.#
#.# #.# #.#
#.# #.# #.#
..#


You could see a two-headed ogre.

Vanquished Creatures
  The ghost of Jaiteiro the Cleaver, a novice HOFi of Cheibriados (D:7)
  A komodo dragon (D:8)
  A warg (D:7)
  Edmund (D:6)
  2 slaves
  2 orc warriors
  Duvessa (D:6)
  A sky beast (D:6)
  4 ice beasts
  A phantom (D:7)
  4 ogres
  3 centaurs
  The ghost of Jaiteiro the Grasshopper, an amateur HaWr (D:3)
  2 bullfrogs
  Dowan (D:6)
  4 scorpions
  A wyvern skeleton (D:7)
  5 wights
  4 howler monkeys
  3 crimson imps
  A quasit (D:7)
  An orc priest (D:4)
  3 hounds
  3 jellies
  4 orc wizards
  2 bullfrog skeletons
  Terence (D:2)
  4 iguanas
  3 worker ants
  A worker ant zombie (D:4)
  Robin (D:2)
  11 adders
  A shadow imp (D:6)
  2 worms (D:2)
  5 dart slugs
  2 leopard geckos
  20 orcs
  6 bats
  7 giant cockroaches
  11 goblins
  9 hobgoblins
  4 jackals (D:1)
  6 kobolds
  5 quokkas
  2 ball pythons
  6 frilled lizards
  2 leopard gecko skeletons
  24 rats
190 creatures vanquished.

Vanquished Creatures (others)
  A plant (D:8)
1 creature vanquished.

Grand Total: 191 creatures vanquished

Notes
Turn   | Place    | Note
-------+----------+-------------------------------------------
     0 | D:1      | microfolk the Halfling Warper began the quest for the Orb.
     0 | D:1      | Reached XP level 1. HP: 14/14 MP: 3/3
   300 | D:1      | Reached XP level 2. HP: 2/19 MP: 4/4
   487 | D:1      | Learned a level 2 spell: Blink
  1193 | D:1      | Reached XP level 3. HP: 22/24 MP: 5/5
  1313 | D:1      | You fall through a shaft!
  1320 | D:2      | Learned a level 2 spell: Shroud of Golubria
  2383 | D:2      | Noticed Sigmund
  2509 | D:3      | Reached XP level 4. HP: 28/29 MP: 6/6
  2939 | D:3      | Noticed Robin
  3628 | D:3      | Noticed Jaiteiro's ghost (amateur HaWr)
  3860 | D:3      | Found a shimmering altar of Xom.
  3863 | D:3      | Noticed Terence
  3928 | D:3      | Reached XP level 5. HP: 31/35 MP: 7/7
  4404 | D:3      | Reached skill level 1 in Charms
  4567 | D:2      | Killed Terence
  4567 | D:2      | Reached skill level 1 in Slings
  5231 | D:3      | Reached XP level 6. HP: 17/41 MP: 8/8
  5501 | D:3      | Found a runed door.
  5559 | D:2      | Killed Robin
  5559 | D:2      | Reached skill level 2 in Slings
  6161 | D:4      | Noticed Jaiteiro's ghost (novice HaWr)
  6218 | D:3      | Killed Jaiteiro's ghost
  6218 | D:3      | Reached XP level 7. HP: 26/46 MP: 9/9
  6401 | D:4      | Reached skill level 3 in Slings
  7242 | D:4      | Reached skill level 5 in Short Blades
  7366 | D:5      | Entered Level 5 of the Dungeon
  7408 | D:5      | Found a glowing golden altar of the Shining One.
  7425 | D:5      | Reached skill level 4 in Slings
  7491 | D:5      | Reached skill level 5 in Translocations
  7505 | D:5      | Reached XP level 8. HP: 52/52 MP: 10/10
  7534 | D:5      | Found a burning altar of Makhleb.
  7787 | D:5      | Found a radiant altar of Vehumet.
  7810 | D:5      | Reached skill level 5 in Slings
  7941 | D:5      | Found an iron altar of Okawaru.
  7994 | D:5      | Noticed Pikel
  8318 | D:5      | Reached skill level 5 in Armour
  8448 | D:6      | Reached skill level 6 in Slings
  8455 | D:6      | Noticed diana's ghost (novice MfGl)
  8699 | D:6      | Found a staircase to the Ecumenical Temple.
  8705 | Temple   | Entered the Ecumenical Temple
  8801 | Temple   | Became a worshipper of Nemelex Xobeh the Trickster
  8865 | D:6      | Received a gift from Nemelex Xobeh
  8881 | D:6      | Noticed Edmund
  8912 | D:6      | Killed Edmund
  8912 | D:6      | Reached XP level 9. HP: 38/57 MP: 11/11
  9035 | D:6      | Reached skill level 7 in Slings
  9920 | D:6      | Found a shattered altar of Ashenzari.
  9951 | D:6      | Noticed Duvessa
  9951 | D:6      | Noticed Dowan
  9994 | D:6      | Killed Duvessa
  9994 | D:6      | Reached skill level 8 in Slings
 10011 | D:6      | Killed Dowan
 10665 | D:7      | Reached skill level 5 in Dodging
 11062 | D:7      | Noticed Jaiteiro's ghost (novice HOFi)
 11137 | D:5      | Reached skill level 9 in Slings
 12494 | D:7      | Found a stormy altar of Qazlal.
 12500 | D:7      | Found a blossoming altar of Fedhas.
 13380 | D:7      | Reached XP level 10. HP: 41/63 MP: 12/12
 13516 | D:7      | Killed Jaiteiro's ghost
 13516 | D:7      | Reached skill level 10 in Slings
 13956 | D:7      | Found a sacrificial altar of Ru.
 14284 | D:8      | Noticed a komodo dragon
 14298 | D:8      | Killed a komodo dragon
 14347 | D:8      | Paralysed by a hornet for 3 turns
 14351 | D:8      | Paralysed by a hornet for 3 turns
 14740 | D:8      | Noticed a two-headed ogre
 14939 | D:8      | Reached * piety under Nemelex Xobeh
 15023 | D:8      | Found a staircase to the Lair.
 15023 | D:8      | Noticed Psyche
 15060 | D:7      | HP: 3/63 [warg (13)]
 15421 | D:8      | Slain by a two-headed ogre

Skill      XL: |  1  2  3  4  5  6  7  8  9 10 |
---------------+-------------------------------+-----
Fighting       | 2 3 |  3.2
Short Blades   | 3 4 5 |  5.0
Armour         | 2 3 4 5 |  5.0
Translocations | 4 5 6 8 9 |  9.0
Charms         | 1 2 |  2.0
Slings         | 1 2 4 6 9 10 | 10.5
Dodging        | 3 6 |  6.0
Spellcasting   | 4 |  4.1
Throwing       | |  1.0

Action                   |  1- 3 |  4- 6 |  7- 9 | 10-12 || total
-------------------------+-------+-------+-------+-------++-------
Melee: Short sword       |   166 |   286 |       |       ||   452
       Whip              |       |    30 |   484 |   146 ||   660
 Fire: Hunting sling     |       |     7 |    47 |    44 ||    98
Throw: Tomahawk          |       |     4 |       |       ||     4
 Cast: Blink             |       |     1 |     6 |    11 ||    18
       Shroud of Golubri |       |       |       |     1 ||     1
Evoke: Deck              |       |       |     6 |       ||     6
       Wand              |       |       |     2 |       ||     2
  Use: Scroll            |     2 |     4 |     3 |     2 ||    11
       Potion            |       |       |     4 |     2 ||     6
  Eat: Chunk             |     5 |    11 |    18 |     5 ||    39
       Ration            |       |       |     2 |     1 ||     3
Armor: Leather armour    |    36 |    31 |       |       ||    67
       Chain mail        |       |    35 |       |       ||    35
       Scale mail        |       |    55 |   204 |    63 ||   322
Dodge: Dodged            |    97 |   195 |   279 |   107 ||   678
